Map: Turbo Cruise '84 LE

Players

PhynixHduO

  • Race: Terran Terran
  • League: Diamond
  • Spawn Location: 7:00

Mez - Winner!

  • Race: Terran Terran
  • League: Diamond
  • Spawn Location: 3:00

VOD

Have the link to the VOD?

Description

Time

  • Played on: July 28, 2019, 12:06 a.m.
  • Length: 13:39
Show
View Real Time Build Order
Export as new Build Order

PhynixHduO Terran 

Build Orders:  

Get SALT Encoding   

  12  0:00  SCV  
  13  0:12  SCV  
  14  0:17  Supply Depot  
  14  0:25  SCV  
  15  0:30  Refinery  
  15  0:39  SCV  
  16  0:45  Barracks  
  16  0:51  SCV  
  17  1:03  SCV  
  18  1:15  SCV  
  19  1:27  SCV  
  20  1:33  Reaper  
  20  1:39  Orbital Command  
  21  1:56  Command Center  
  21  2:05  SCV  
  21  2:07  Reaper  
  22  2:13  Factory  
  22  2:14  Refinery  
  22  2:17  SCV  
  23  2:26  Supply Depot  
  23  2:42  Barracks Reactor  
  23  2:44  SCV  
  23  2:56  SCV  
  23  2:58  Hellion  
  26  3:01  Starport  
  26  3:09  Orbital Command  
  26  3:15  SCV  
  26  3:19  Marine x2  
  28  3:21  Hellion  
  31  3:27  SCV  
  31  3:32  Engineering Bay  
  32  3:35  SCV  
  32  3:38  Viking  
  32  3:40  SCV  
  33  3:42  Marine x2  
  33  3:52  SCV x2  
  35  4:00  Hellion  
  37  4:09  SCV  
  38  4:13  Missile Turret  
  38  4:14  Missile Turret  
  38  4:15  Starport Reactor  
  38  4:18  Marine x2  
  40  4:26  Factory Tech Lab  
  40  4:30  SCV  
  41  4:32  Barracks x2  
  41  4:35  Marine x2  
  43  4:41  Terran Infantry Weapons Level 1  
  43  4:42  SCV  
  44  4:50  Supply Depot  
  44  4:52  SCV  
  45  4:56  Supply Depot  
  45  5:01  SCV  
  46  5:11  Siege Tank  
  46  5:13  Command Center  
  49  5:20  Marine x2  
  50  5:21  SCV  
  50  5:24  Barracks Reactor  
  50  5:25  Barracks Tech Lab  
  50  5:27  SCV  
  50  5:28  Barracks  
  52  5:31  Supply Depot  
  52  5:34  SCV  
  52  5:35  Supply Depot  
  53  5:43  Siege Tank  
  53  5:47  Marine  
  53  5:48  Marine x2  
  53  5:49  SCV  
  60  5:52  SCV  
  61  6:01  SCV, Marine x2, Supply Depot  
  61  6:04  Stimpack, SCV  
  64  6:05  Marine  
  64  6:11  Refinery x2  
  65  6:20  SCV  
  65  6:23  Siege Tank  
  69  6:27  Marine x6  
  74  6:37  SCV  
  74  6:45  Marine x2  
  76  6:47  SCV  
  76  6:49  Medivac  
  79  6:55  SCV, Orbital Command  
  79  6:57  Supply Depot  
  79  6:58  Siege Tank  
  79  6:59  SCV  
  79  7:00  Marine x2  
  86  7:04  Marine x4  
  86  7:05  Terran Infantry Armor Level 1  
  86  7:07  SCV  
  91  7:14  Refinery  
  91  7:17  Barracks  
  91  7:20  Missile Turret  
  91  7:21  SCV x2  
  91  7:22  Missile Turret, SCV  
  94  7:29  Supply Depot  
  94  7:33  SCV x2  
  94  7:34  SCV  
  97  7:38  Siege Tank  
  99  7:45  SCV  
  99  7:46  Supply Depot  
  99  7:49  SCV x2  
  97  8:01  Marine x3  
  97  8:02  Marine x3  
  97  8:03  Viking x2  
  87  8:13  Siege Tank  
  87  8:16  SCV  
  87  8:18  SCV  
  87  8:19  Marine x4  
  91  8:22  Marine x2  
  91  8:26  SCV  
  94  8:36  SCV x2  
  94  8:37  Marine x2  
  94  8:38  SCV  
  97  8:48  SCV, Marine x4  
  101  8:59  SCV x2  
  101  9:00  SCV, Medivac x2  
  104  9:09  Marine x5  
  110  9:11  SCV  
  110  9:12  Barracks Reactor  
  110  9:14  Barracks Reactor  
  110  9:17  Armory  
  110  9:18  Supply Depot  
  111  9:24  SCV x2  
  111  9:26  Marine x2  
  111  9:27  Marine x3  
  111  9:36  SCV x3  
  113  9:41  Medivac x2  
  113  9:44  Marine x4  
  113  9:45  Marine  
  122  9:48  SCV x3  
  125  9:56  Marine x3  
  125  9:58  Engineering Bay  
  128  10:00  SCV x2, Combat Shield  
  128  10:01  SCV  
  119  10:12  SCV  
  104  10:19  Marine x5  
  104  10:20  Marine x4  
  104  10:21  Siege Tank  
  112  10:22  Viking  
  112  10:23  Viking  
  116  10:31  SCV x2  
  118  10:37  Marine x3  
  118  10:40  Refinery  
  118  10:41  Supply Depot  
  118  10:42  SCV, Supply Depot  
  122  10:45  Terran Ship Weapons Level 1  
  122  10:46  Terran Infantry Weapons Level 2  
  122  10:50  Terran Infantry Armor Level 2  
  122  10:51  Viking  
  122  10:53  Siege Tank, Medivac  
  127  11:06  SCV  
  127  11:07  SCV x2  
  127  11:10  Command Center  
  119  11:23  Marine x2  
  119  11:24  Marine x7  
  111  11:38  Siege Tank, Medivac  
  111  11:39  Viking  
  117  11:41  Marine x3  
  117  11:42  Marine x6  
  126  11:47  SCV  
  126  11:48  SCV  
  128  11:59  Marine x5  
  128  12:00  Marine x3  
  136  12:03  Supply Depot  
  136  12:06  Supply Depot  
  131  12:12  Marine  
  131  12:13  Siege Tank  
  127  12:17  Marine x7  
  127  12:21  Marine  
  131  12:29  Marine  
  131  12:34  Marine  
  131  12:35  Marine x6  
  134  12:39  Marine  
  117  12:47  Marine  
  103  12:52  Marine x2  
  103  12:53  Marine x3  
  72  12:59  Marine x3  
  72  13:05  Marine  
  63  13:10  Marine x3  
  63  13:11  Marine x2  
  75  13:16  Marine  
  75  13:17  Marine x2  
Show
View Real Time Build Order
Export as new Build Order

Mez Terran - Winner!

Build Orders:  

Get SALT Encoding   

  12  0:00  SCV  
  13  0:13  SCV  
  14  0:18  Supply Depot  
  14  0:25  SCV  
  15  0:39  SCV  
  15  0:40  Barracks  
  16  0:51  Barracks  
  16  0:57  Refinery  
  16  1:02  Refinery  
  16  1:06  SCV  
  17  1:18  SCV  
  18  1:31  Orbital Command  
  18  1:37  Reaper  
  19  1:44  Supply Depot  
  19  1:49  Reaper  
  20  2:05  SCV  
  20  2:09  Reaper  
  21  2:19  SCV  
  22  2:23  Reaper  
  23  2:33  SCV  
  24  2:41  Reaper  
  25  2:45  SCV  
  25  2:55  Command Center  
  26  3:00  Supply Depot  
  26  3:05  SCV  
  27  3:11  Barracks  
  27  3:15  Barracks Reactor  
  27  3:17  Barracks Tech Lab  
  27  3:18  SCV  
  27  3:28  Factory  
  27  3:30  SCV, Supply Depot  
  28  3:42  SCV  
  27  3:54  SCV  
  28  3:58  Marine x4  
  32  4:07  SCV  
  32  4:09  Orbital Command  
  32  4:16  Starport, Factory Reactor  
  32  4:17  Barracks Reactor  
  32  4:18  Marine x3  
  35  4:30  Stimpack  
  35  4:35  SCV x2  
  35  4:36  Marine  
  38  4:43  Engineering Bay  
  38  4:47  SCV x2  
  38  4:48  Engineering Bay  
  40  4:57  Marine x4  
  40  4:59  SCV x2  
  46  5:16  Marine x2  
  46  5:17  Marine  
  48  5:23  Command Center  
  48  5:24  Terran Infantry Armor Level 1, Terran Infantry Weapons Level 1  
  48  5:27  Marine x2  
  50  5:29  SCV  
  50  5:31  SCV  
  50  5:35  Medivac  
  54  5:36  Medivac  
  54  5:38  Marine x2  
  54  5:42  SCV  
  59  5:46  SCV  
  59  5:47  Refinery  
  60  5:50  Marine x2  
  62  6:04  Supply Depot  
  62  6:10  Marine  
  62  6:18  SCV, Marine x3, Medivac x2  
  70  6:25  SCV  
  70  6:30  SCV  
  70  6:31  Marine x2  
  70  6:32  Supply Depot  
  73  6:34  Supply Depot  
  73  6:38  SCV, Barracks  
  73  6:39  Combat Shield, Barracks  
  74  6:42  SCV  
  75  6:48  Marine x3  
  75  6:50  SCV  
  79  6:54  SCV  
  79  6:57  Orbital Command  
  80  7:02  SCV  
  80  7:03  Marine x2  
  80  7:06  SCV, Armory  
  80  7:08  Supply Depot  
  84  7:15  Supply Depot  
  84  7:19  Marine x3  
  84  7:22  SCV x2  
  89  7:23  SCV  
  90  7:32  Marine x2  
  90  7:33  Barracks Reactor x2  
  90  7:34  SCV x2  
  94  7:43  Marine x2  
  94  7:44  SCV, Marine  
  96  7:46  SCV  
  86  8:07  Marine x5  
  86  8:12  Marine x4  
  79  8:14  SCV x3  
  79  8:19  Terran Infantry Armor Level 2, Terran Infantry Weapons Level 2  
  81  8:25  Marine x3  
  81  8:26  Command Center  
  84  8:30  Barracks  
  84  8:31  Barracks  
  84  8:32  Barracks  
  82  8:40  Marine, Medivac x2  
  82  8:41  Marine x5  
  89  8:43  Marine  
  89  8:44  SCV x3  
  95  8:48  Supply Depot  
  94  8:56  SCV  
  94  8:59  SCV  
  95  9:03  Marine x6  
  95  9:08  SCV  
  95  9:09  Marine  
  95  9:10  Marine x2  
  95  9:11  SCV  
  95  9:12  Medivac x2  
  103  9:20  SCV  
  103  9:23  SCV  
  105  9:31  Marine x2  
  88  9:32  SCV  
  88  9:35  Orbital Command  
  88  9:36  Marine x2  
  88  9:37  Marine x7  
  88  9:38  Marine  
  90  9:48  SCV x2  
  90  9:49  Marine x2  
  90  9:50  Orbital Command  
  94  9:54  Marine x3  
  94  9:56  Medivac x2  
  101  10:10  Marine  
  87  10:20  SCV  
  87  10:21  SCV x3  
  82  10:32  Marine  
  82  10:33  SCV, Marine x11  
  95  10:40  Orbital Command  
  95  10:42  Medivac  
  95  10:43  Medivac  
  95  10:44  SCV x2  
  95  10:45  Terran Infantry Weapons Level 3  
  101  10:50  Marine x2  
  101  10:51  Marine x3  
  101  10:55  Orbital Command  
  106  11:01  Marine  
  106  11:03  Marine x6  
  113  11:08  Marine x4  
  115  11:15  Orbital Command  
  115  11:17  Marine  
  109  11:19  Marine  
  109  11:21  Marine x6  
  114  11:26  Marine x4  
  114  11:27  SCV x2  
  121  11:35  Marine  
  121  11:36  Marine  
  121  11:39  SCV, Marine  
  112  11:43  Marine  
  112  11:44  Marine x6  
  112  11:45  SCV x2  
  121  11:51  SCV  
  122  11:54  Command Center  
  122  11:57  SCV x2  
  121  12:03  SCV  
  121  12:06  Marine x8  
  121  12:07  Marine x3  
  133  12:28  Marine x3  
  133  12:29  SCV, Marine x3  
  133  12:30  Marine  
  133  12:31  SCV  
  133  12:34  Marine  
  122  12:44  Marine  
  122  12:45  Marine x3  
  122  12:46  Marine x2  
  118  13:03  SCV x3, Marine x10  
  118  13:04  Marine x2  
  133  13:15  SCV x3  
Tags
 
Add a new tag
Caveats
  • Supply blocks, unpowered buildings, or Contaminate may cause inaccurate times.
  • Supply counts are checked every 10 seconds.